 Dungeon Crawl Stone Soup version 0.16-a0-465-g631e55c (webtiles) character file.

53 Johnny the Ruffian (level 3, -4/33 HPs)
             Began as a Troll Transmuter on Sept 16, 2014.
             Killed from afar by a hobgoblin (9 damage)
             ... with a wand of magic darts
             ... on Level 2 of the Dungeon.
             The game lasted 00:03:39 (1394 turns).

Johnny the Ruffian (Troll Transmuter)               Turns: 1394, Time: 00:03:39

HP  -4/33        AC  5     Str 18      XL: 3   Next: 64%
MP   2/3         EV 10     Int  9      God:
Gold 47          SH  0     Dex 11      Spells:  1 memorised,  3 levels left

rFire  . . .     SeeInvis .     e - -1 dagger (curse)
rCold  . . .     Clarity  .     c - +0 robe
rNeg   . . .     rCorr    .     (shield restricted)
rPois  .         rRot     .     (helmet restricted)
rElec  .         Spirit   .     (no cloak)
SustAb .         Warding  .     (gloves unavailable)
rMut   .         Stasis   .     (boots unavailable)
Gourm  +                        (no amulet)
MR     .....                    (no ring)
                                (no ring)

@: very slightly contaminated, not resistant to hostile enchantments, very
unstealthy
A: unfitting armour, claws 3, fast metabolism 3, gourmand, regeneration 2,
saprovore 2, shaggy fur 1, tough skin 2
a: no special abilities


You were on level 2 of the Dungeon.
You were not hungry.

You visited 1 branch of the dungeon, and saw 2 of its levels.

You collected 47 gold pieces.

Inventory:

Hand weapons
 e - a cursed -1 dagger (weapon)
Missiles
 b - 12 arrows
Armour
 c - a +0 robe (worn)
Comestibles
 a - 2 meat rations
 f - 2 bread rations
 l - 3 fruits
Jewellery
 g - an uncursed amulet of guardian spirit {unknown}
 k - an uncursed ring of magical power {unknown}
Potions
 h - a potion of degeneration {unknown}
Books
 d - a book of Changes

   Spells                             Type                      Level
   *Beastly Appendage                 Transmutation                1
   Sticks to Snakes                   Transmutation                2
   Spider Form                        Transmutation/Poison         3
   Ice Form                           Ice/Transmutation            4
   Blade Hands                        Transmutation                5


   Skills:
 * Level 1.2 Fighting
 * Level 1.9 Dodging
 * Level 0.8 Stealth
 * Level 3.3 Unarmed Combat
 * Level 1.4 Spellcasting
 * Level 1.8 Transmutations


You had 3 spell levels left.
You knew the following spells:

 Your Spells              Type           Power        Failure   Level  Hunger
a - Beastly Appendage     Trmt           #.....       17%         1    ##.....


Dungeon Overview and Level Annotations

Branches:
Dungeon (2/15)

Altars:


Innate Abilities, Weirdness & Mutations

You are too large for most types of armour.
You have claws for hands.
Your metabolism is lightning-fast.
You like to eat raw meat.
You heal very quickly.
You can eat rotten meat.
You are covered in fur (AC +1).
You have very tough skin (AC +2).


Message History

The hobgoblin hits you but does no damage.
You closely miss the hobgoblin. The hobgoblin closely misses you.
You hit the hobgoblin but do no damage.
The hobgoblin zaps a wand.
The magic dart hits you!
You closely miss the hobgoblin.
The hobgoblin zaps a wand.
The magic dart hits you!
You barely miss the hobgoblin.
The hobgoblin zaps a wand.
The magic dart hits you!
You hit the hobgoblin but do no damage.
The hobgoblin zaps a wand.
The magic dart hits you!
* * * LOW HITPOINT WARNING * * *
Casting: Beastly Appendage
Confirm with . or Enter, or press ? or * to list all spells.
You miscast Beastly Appendage.
You are very lightly contaminated with residual magic.
Nothing appears to happen.
The hobgoblin zaps a wand.
The magic dart hits you!
* * * LOW HITPOINT WARNING * * *
You hit the hobgoblin but do no damage.
The hobgoblin zaps a wand.
The magic dart hits you!
You die...

.........# ###......##....###
.###...### #.....#####.##.#
..###..#####.#.#####...##.# *
#....).......>.#.[...####.# *
.............<....#######.# *
.#######..................# * #*
*####....############### *
#****#......................#****
#*,,,,.###.###..@#########...,,,,
.,,***** #.# #...g.#**,,,,,,,,,**
#,,*** #.# ####..##,,****,<,,,,
,,,,,* *#.# #...#,***,,,,,,**
****,****..#****#.#.#,**,,,,****
*,,,**,,,,,,,#.........***
***,,,,,,*,,,.##......,* *****
***,,,,,,,,,..,,....#..***,,,,
**,,,,,,*,_,#..,,..#.#*,,**,,,,


You could see a hobgoblin.

Vanquished Creatures
  3 adders (D:2)
  2 hobgoblins (D:2)
  3 jackals (D:1)
  3 kobolds (D:1)
  A quokka (D:2)
  5 bats
  2 giant newts (D:1)
  5 goblins
  4 rats
28 creatures vanquished.

Notes
Turn   | Place    | Note
--------------------------------------------------------------
     0 | D:1      | Johnny, the Troll Transmuter, began the quest for the Orb.
     0 | D:1      | Reached XP level 1. HP: 18/18 MP: 2/2
    64 | D:1      | Reached XP level 2. HP: 26/26 MP: 2/2
   373 | D:1      | Reached skill level 1 in Fighting
  1055 | D:2      | Reached XP level 3. HP: 2/33 MP: 3/3
  1394 | D:2      | Killed from afar by a hobgoblin

Action                   || total
-------------------------++-------
Melee: Dagger            ||   184
       Unarmed           ||     9
 Cast: Beastly Appendage ||     3
  Use: Scroll            ||     5
       Potion            ||     3
  Eat: Chunk             ||    10
